Workbook

Sheet RESUMEN
B8: RAZÓN SOCIAL DEL LICITANTE:
B10: (DATOS COMPLETOS DE LA EMPRESA) **BORRAR ESTE TEXTO**
A16: Documento A21
A17: Licitación estatal número: INZACE-932045994-E18-2026
A18: Fecha:
A19: RESUMEN
A20: DESCRIPCION GENERAL DE LOS TRABAJOS:
A21: CONSTRUCCIÓN DE AULA DE USOS MÚLTIPLES Y REHABILITACIÓN DE IMPERMEABILIZACIÓN DE LOS EDIFICIOS "A", "C", "D", "F", "H", "G", "J", "I" EN LA ESCUELA PRIMARIA "VÍCTOR ROSALES" CLAVE 32DPR0077D,UBICADA EN CALERA DE VICTOR DE ROSALES, ZACATECAS.
A23: PARTIDA 1 | B23: =+PRESUPUESTO!B12 -> EDIFICIO
A24: =+PRESUPUESTO!A13 -> CONSTRUCCION DE AULA DE COMPUTO ESTRUCTURA REGIONAL 12.00X8.00 M
A25: Subpartida | B25: =+PRESUPUESTO!B14 -> 01 CIMENTACION
A26: Subpartida | B26: =+PRESUPUESTO!B31 -> 02 ESTRUCTURA
A27: Subpartida | B27: =+PRESUPUESTO!B42 -> 03 ALBAÑILERIA Y ACABADOS
A28: Subpartida | B28: =+PRESUPUESTO!B63 -> 04 CANCELERIA
A29: Subpartida | B29: =+PRESUPUESTO!B68 -> 05 INSTALACIONES
B30: SUBTOTAL PARTIDA 1
A31: PARTIDA 2 | B31: =+PRESUPUESTO!B78 -> EDIFICIO "A"
A32: Subpartida | B32: =+PRESUPUESTO!B79 -> 00 PRELIMINARES
A33: Subpartida | B33: =+PRESUPUESTO!B83 -> 03 ALBAÑILERIA Y ACABADOS
B34: SUBTOTAL PARTIDA 2
A36: PARTIDA 3 | B36: =+PRESUPUESTO!B91 -> EDIFICIO "C"
A37: Subpartida | B37: =+PRESUPUESTO!B92 -> 00 PRELIMINARES
A38: Subpartida | B38: =+PRESUPUESTO!B95 -> 03 ALBAÑILERIA Y ACABADOS
B39: SUBTOTAL PARTIDA 3
A41: PARTIDA 4 | B41: =+PRESUPUESTO!B102 -> EDIFICIO "D"
A42: Subpartida | B42: =+PRESUPUESTO!B103 -> 00 PRELIMINARES
A43: Subpartida | B43: =+PRESUPUESTO!B106 -> 03 ALBAÑILERIA Y ACABADOS
B44: SUBTOTAL PARTIDA 4
A46: PARTIDA 5 | B46: EDIFICIO "F"
A47: Subpartida | B47: =+PRESUPUESTO!B114 -> 00 PRELIMINARES
A48: Subpartida | B48: =+PRESUPUESTO!B117 -> 03 ALBAÑILERIA Y ACABADOS
B49: SUBTOTAL PARTIDA 5
A51: PARTIDA 6 | B51: EDIFICIO "H"
A52: Subpartida | B52: =+PRESUPUESTO!B125 -> 00 PRELIMINARES
A53: Subpartida | B53: =+PRESUPUESTO!B128 -> 03 ALBAÑILERIA Y ACABADOS
B54: SUBTOTAL PARTIDA 6
A56: PARTIDA 7 | B56: EDIFICIO "G"
A57: Subpartida | B57: =+PRESUPUESTO!B136 -> 00 PRELIMINARES
A58: Subpartida | B58: =+PRESUPUESTO!B139 -> 03 ALBAÑILERIA Y ACABADOS
B59: SUBTOTAL PARTIDA 7
A61: PARTIDA 8 | B61: EDIFICIO "J"
A62: Subpartida | B62: =+PRESUPUESTO!B144 -> 00 PRELIMINARES
A63: Subpartida | B63: =+PRESUPUESTO!B147 -> 03 ALBAÑILERIA Y ACABADOS
B64: SUBTOTAL PARTIDA 8
A66: PARTIDA 9 | B66: EDIFICIO "I"
A67: Subpartida | B67: =+PRESUPUESTO!B156 -> 00 PRELIMINARES
A68: Subpartida | B68: =+PRESUPUESTO!B159 -> 03 ALBAÑILERIA Y ACABADOS
B69: SUBTOTAL PARTIDA 9
A70: PARTIDA 10 | B70: OBRA EXTERIOR
A71: Subpartida | B71: 01 PLAZAS Y ANDADORES
A72: Subpartida | B72: 02 RED ELECTRICA
B73: SUBTOTAL PARTIDA 9
B75: SUBTOTAL
B76: I.V.A.
B77: T O T A L
B79: IMPORTE TOTAL CON IVA CON LETRA
B82: REPRESENTANTE LEGAL:
B85: FIRMA:

Sheet PRESUPUESTO
C1: RAZÓN SOCIAL DEL LICITANTE:
E3: (DATOS COMPLETOS DE LA EMPRESA) **BORRAR ESTE TEXTO**
B7: Documento A21 | C7: DESCRIPCION GENERAL DE LOS TRABAJOS:
A8: Licitación estatal número: INZACE-932045994-E18-2026 | C8: CONSTRUCCIÓN DE AULA DE USOS MÚLTIPLES Y REHABILITACIÓN DE IMPERMEABILIZACIÓN DE LOS EDIFICIOS "A", "C", "D", "F", "H", "G", "J", "I" EN LA ESCUELA PRIMARIA "VÍCTOR ROSALES" CLAVE 32DPR0077D,UBICADA EN CALERA DE VICTOR DE ROSALES, ZACATECAS.
A9: Fecha:
A10: Clave | B10: Concepto | C10: Unidad | D10: Cantidad | E10: Precio Unitario con letra | F10: Precio Unitario | G10: Importe
A12: PARTIDA 1 | B12: EDIFICIO
A13: CONSTRUCCION DE AULA DE COMPUTO ESTRUCTURA REGIONAL 12.00X8.00 M
A14: Subpartida | B14: 01 CIMENTACION
A15: 11064 | B15: TRAZO Y NIVELACIÓN DEL TERRENO ( ÁREA DE EDIFICIOS); INCLUYE: LOCALIZACIÓN DE BANCOS DE NIVEL. | C15: M2 | D15: 137.28
A16: 11074 | B16: EXCAVACIÓN A MANO EN TERRENO INVESTIGADO EN OBRA CUALQUIER PROFUNDIDAD, INCLUYE: AFINE DE TALUD, AFINE DE FONDO, TRASPALEO, RETIRO DE MATERIAL INESTABLE, RETIRO DE MATERIAL ORGANICO, MANO DE OBRA, HERRAMIENTA, EQUIPO, ACARREO DENTRO Y FUERA DE LA OBRA DE MATERIAL NO UTILIZABLE. | C16: M3 | D16: 18.98
A17: 11075 | B17: EXCAVACIÓN CON MAQUINA CUALQUIER TIPO DE TERRENO INVESTIGADO EN OBRA, A CUALQUIER PROFUNDIDAD, INCLUYE: AFINE DE TALUD, ACARREO DEL MATERIAL DENTRO Y FUERA DE LA OBRA; HERRAMIENTA Y EQUIPO. | C17: M3 | D17: 64.07
A18: 11101 | B18: PLANTILLA DE CONCRETO HECHO EN OBRA CON REVOLVEDORA, CONCRETO CON RESISTENCIA F'C= 100 KG/CM2, DE 6 CM DE ESPESOR T.M.A. 19 MM., INCLUYE: PREPARACION DE SUPERFICIE, HUMEDECIDO DEL AREA DE DESPLANTE, NIVELACION, ELABORACIÓN, VACIADO, CURADO, ACARREO, MATERIALES, HERRAMIENTA, EQUIPO Y MANO DE OBRA. | C18: M2 | D18: 69.89
A19: 11121 | B19: RELLENO COMPACTADO, CON MATERIAL PRODUCTO DE EXCAVACIÓN, COMPACTACIÓN CON MEDIOS MECÁNICOS (BAILARINA), EN CAPAS DE 15 CM. DE ESPESOR, AL 90 % DE LA PRUEBA PROCTOR; INCLUYE: SELECCION DE MATERIAL, EQUIPO, MANO DE OBRA, HERRAMIENTA, HUMEDECIDO DEL MATERIAL PARA SU HOMOGENIZACIÓN (HUMEDAD OPTIMA) Y ACARREO DENTRO DE LA OBRA. | C19: M3 | D19: 72.29
A20: 11131 | B20: SUMINISTRO, RELLENO COMPACTADO CON MATERIAL DE BANCO (TEPETATE), COMPACTACIÓN EN CAPAS DE 15 CM. DE ESPESOR CON MEDIOS MECÁNICOS (COMPACTADOR MANUAL), AL 90 % DE PRUEBA PROCTOR; INCLUYE: EXTRACCION Y ACARREOS DEL MATERIAL DE BANCO; EQUIPO, HERRAMIENTA, HUMEDECIDO DEL MATERIAL PARA SU HOMOGENIZACION (HUMEDAD OPTIMA) Y MANO DE OBRA. | C20: M3 | D20: 86.04
A21: 12016 | B21: CONCRETO F'C= 250 KG/CM2 EN CIMENTACIÓN, T.M.A. 19 MM., ELABORADO CON MAQUINA REVOLVEDORA, INCLUYE: MATERIALES, ELABORACION, COLOCACION, ACARREOS, DESPERDICIOS, VIBRADO, CURADO, MANO DE OBRA, HERRAMIENTA, EQUIPO Y PRUEBAS DE LABORATORIO. | C21: M3 | D21: 7.67
A22: 12021 | B22: CIMBRA PARA ELEMENTOS DE CONCRETO EN CIMENTACION CON MADERA DE PINO DE TERCERA, ACABADO COMUN, INCLUYE: PREPARACION DE MADERA CON DESMOLDANTE, CLAVOS, DESPERDICIOS, USOS DE MADERA, CORTES, NIVELACION, TRAZO, MATERIALES, MANO DE OBRA, HERRAMIENTA, CIMBRADO Y DESCIMBRADO; Y TODO LO NECESARIO QUE GARANTICE LA CORRECTA GEOMETRIA, NIVELACION, ALINEACION Y ACABADO DEL ELEMENTO DE CONCRETO. | C22: M2 | D22: 41.36
A23: 12032 | B23: SUMINISTRO, HABILITADO Y COLOCACION DE ACERO DE REFUERZO DEL No. 2 (ALAMBRON) PARA ELEMENTOS DE CONCRETO EN CIMENTACION, F'Y=2530 KG/CM2, INCLUYE: ARMADO, GANCHOS, CORTES, DOBLECES, DESPERDICIOS, AMARRES, ALAMBRE RECOCIDO, ACARREOS, MATERIALES, MANO DE OBRA Y HERRAMIENTA. | C23: KG | D23: 42.64
A24: 12034 | B24: SUMINISTRO, HABILITADO Y COLOCACION DE ACERO DE REFUERZO DE DIÁMETRO No. 3, PARA ELEMENTOS DE CONCRETO EN CIMENTACION, F'Y=4200 KG/CM2, INCLUYE: ARMADO, TRASLAPES, GANCHOS, CORTES, DOBLECES, DESPERDICIOS, AMARRES, ALAMBRE RECOCIDO, ACARREOS, MATERIALES, MANO DE OBRA Y HERRAMIENTA. | C24: KG | D24: 93.85
A25: 12035 | B25: SUMINISTRO, HABILITADO Y COLOCACION DE ACERO DE REFUERZO DE DIÁMETRO No. 4, PARA ELEMENTOS DE CONCRETO EN CIMENTACION, F'Y=4200 KG/CM2, INCLUYE: ARMADO, TRASLAPES, GANCHOS, CORTES, DOBLECES, DESPERDICIOS, AMARRES, ALAMBRE RECOCIDO, ACARREOS, MATERIALES, MANO DE OBRA Y HERRAMIENTA. | C25: KG | D25: 216.13
A26: 12036 | B26: SUMINISTRO, HABILITADO Y COLOCACION DE ACERO DE REFUERZO DE DIÁMETRO No. 5, PARA ELEMENTOS DE CONCRETO EN CIMENTACION, F'Y=4200 KG/CM2, INCLUYE: ARMADO, TRASLAPES, GANCHOS, CORTES, DOBLECES, DESPERDICIOS, AMARRES, ALAMBRE RECOCIDO, ACARREOS, MATERIALES, MANO DE OBRA Y HERRAMIENTA. | C26: KG | D26: 131.98
... A29: 21102 | B29: ANCLAJE DE CASTILLO A MURO DE PIEDRA DE CIMENTACION, A BASE DE CONCRETO F'C= 150 KG/CM2 T.M.A. 19 MM., ARMADO CON 4 VARILLAS DEL No. 3 Y 4 ESTRIBOS DEL No. 2; CON SECCION DE 30X30 CM Y 50 CM DE ALTURA, INCLUYE: CIMBRA COMUN DE CONTACTO, DESCIMBRADO, MATERIAL Y MANO DE OBRA, HERRAMIENTA, COLADO, CURADO, LIMPIEZA Y RETIRO DE MATERIAL SOBRANTE FUERA DE LA OBRA. | C29: PZA | D29: 23
E30: SUBTOTAL
A31: Subpartida | B31: 02 ESTRUCTURA
A32: 21101 | B32: CIMBRA EN COLUMNAS Y MURO APARENTE CON TRIPLAY DE PINO DE 16 MM, UNIDAD DE MEDICION AREA DE CONTACTO, INCLUYE: CIMBRADO, DESCIMBRADO, HABILITADO, DESMOLDANTE, CHAFLANES, DEPRECIACION DE MADERA POR USOS, CORTES, TRAZO, NIVELACION A PLOMO, CLAVOS, ALAMBRE RECOCIDO, MANO DE OBRA Y HERRAMIENTA. | C32: M2 | D32: 8.52
A33: 21110 | B33: CIMBRA PARA LOSA, ACABADO APARENTE CON TRIPLAY DE PINO DE 16 MM., UNIDAD DE MEDICION AREA DE CONTACTO INFERIOR DE LOSA (LA FRONTERA DE LOSA SE INCLUYE EN EL PRECIO UNITARIO), SE CONSIDERAN 2 USOS DEL TRIPLAY, INCLUYE: CIMBRADO, DESCIMBRADO, HABILITADO, CHAFLAN, GOTERO, DESPERDICIOS, DEPRECIACION DE MADERA POR USOS, CORTES, TRAZO, NIVELACION A PLOMO, PREPARACION DE MADERA CON DESMOLDANTE, CLAVOS, ALAMBRE RECOCIDO PARA REFUERZO DE CIMBRA, MANO DE OBRA, HERRAMIENTA Y TODO LO NECESARIO QUE GARANTICE LA CORRECTA GEOMETRIA, NIVELACION, ALINEACION Y ACABADO DEL ELEMENTO DE CONCRETO. | C33: M2 | D33: 133.84
A34: 21115 | B34: CIMBRA APARENTE EN TRABES, CON TRIPLAY DE PINO DE 16 MM., INCLUYE: CIMBRADO, DESCIMBRADO, HABILITADO, CHAFLAN, GOTERO, FRENTES (OCHAVOS), DESPERDICIOS, DEPRECIACION DE MADERA POR USOS, CORTES, NIVELACION, PREPARACION DE MADERA CON DESMOLDANTE, CLAVOS, ALAMBRE RECOCIDO PARA REFUERZO DE CIMBRA, MANO DE OBRA, HERRAMIENTA Y TODO LO NECESARIO QUE GARANTICE LA CORRECTA GEOMETRIA, NIVELACION, ALINEACION Y ACABADO DEL ELEMENTO DE CONCRETO. | C34: M2 | D34: 29.83
A35: 21201 | B35: SUMINISTRO, HABILITADO Y COLOCACION DE ACERO DE REFUERZO DEL No. 2 (ALAMBRON) PARA ELEMENTOS EN ESTRUCTURA, Fy= 2530 KG/CM2, INCLUYE: ARMADO, GANCHOS, SILLETAS, DOBLECES, DESPERDICIOS, AMARRES, ALAMBRE RECOCIDO, ACARREOS, MATERIALES, MANO DE OBRA Y HERRAMIENTA. | C35: KG | D35: 111.5
A36: 21203 | B36: SUMINISTRO, HABILITADO Y COLOCACION DE ACERO DE REFUERZO DEL No. 3 PARA ELEMENTOS EN ESTRUCTURA, Fy= 4200 KG/CM2, INCLUYE: ARMADO, TRASLAPES, GANCHOS, SILLETAS, DOBLECES, DESPERDICIOS, AMARRES, ALAMBRE RECOCIDO, ACARREOS, MATERIALES, MANO DE OBRA Y HERRAMIENTA. | C36: KG | D36: 1162.32
A37: 21204 | B37: SUMINISTRO, HABILITADO Y COLOCACION DE ACERO DE REFUERZO DEL No. 4 PARA ELEMENTOS EN ESTRUCTURA, Fy= 4200 KG/CM2, INCLUYE: ARMADO, TRASLAPES, GANCHOS, SILLETAS, DESPERDICIOS, AMARRES, ALAMBRE RECOCIDO, ACARREOS, MATERIALES, MANO DE OBRA Y HERRAMIENTA. | C37: KG | D37: 594.4
A38: 21205 | B38: SUMINISTRO, HABILITADO Y COLOCACION DE ACERO DE REFUERZO DEL No. 5 PARA ELEMENTOS EN ESTRUCTURA, Fy= 4200 KG/CM2, INCLUYE: ARMADO, TRASLAPES, GANCHOS, SILLETAS, DESPERDICIOS, AMARRES, ALAMBRE RECOCIDO, ACARREOS, MATERIALES, MANO DE OBRA Y HERRAMIENTA. | C38: KG | D38: 77.5
A39: 21206 | B39: SUMINISTRO, HABILITADO Y COLOCACION DE ACERO DE REFUERZO DEL No. 6 AL 12 PARA ELEMENTOS EN ESTRUCTURA, Fy= 4200 KG/CM2, INCLUYE: ARMADO, TRASLAPES, GANCHOS, SILLETAS, DESPERDICIOS, AMARRES, ALAMBRE RECOCIDO, ACARREOS, MATERIALES, MANO DE OBRA Y HERRAMIENTA. | C39: KG | D39: 254.72
A40: 21303 | B40: CONCRETO F'C=250 KG/CM2 EN ESTRUCTURA Y LOSAS T.M.A. 19 MM., ELABORADO CON MAQUINA REVOLVEDORA, INCLUYE: MATERIALES, ELABORACION, VACIADO EN ARTESA DE LAMINA PARA EVITAR CONTAMINACIÓN DEL CONCRETO, ACARREOS, ANDIAMIAJE, MANO DE OBRA, EQUIPO, HERRAMIENTA, COLOCACION, VIBRADO, CURADO, ACABADO EN LOSAS A VUELTA DE PLANA PARA RECIBIR IMPERMEABILIZACION Y PRUEBAS DE LABORATORIO. HASTA UNA ALTURA DE 6.00 M. | C40: M3 | D40: 17.45
E41: SUBTOTAL
A42: Subpartida | B42: 03 ALBAÑILERIA Y ACABADOS
A43: 31008 | B43: CADENA A BASE DE CONCRETO F'c= 150 KG/CM2. DE 14X14 CM DE SECCION, SIN ARMAR, INCLUYE: CIMBRA APARENTE, DESCIMBRADO, COLADO, ACARREOS, DESPERDICIOS, MATERIALES, MANO DE OBRA Y HERRAMIENTA. | C43: ML | D43: 37.72
A44: 31009 | B44: CADENA O CASTILLO DE CONCRETO F´C=150 KG/CM2 SECCION DE 14X15 CM ARMADA CON 4 VARILLAS DEL No. 3, FY=4200 KG/CM2, ESTRIBOS DEL No. 2 A CADA 15 CM., INCLUYE: CIMBRA COMUN, HABILITADO DE ACERO, TRASLAPES, GANCHOS, DOBLECES, CRUCES DE VARILLAS, COLADO, HASTA UNA ALTURA DE 6.00 M, DESCIMBRADO, ACARREOS, DESPERDICIOS, MATERIALES, MANO DE OBRA Y HERRAMIENTA. | C44: ML | D44: 78.14
A45: 31026 | B45: CADENA O CASTILLO DE CONCRETO F'C= 250 KG/CM2 DE SECCION 14X20CM, ARMADA CON 4 VARILLAS DEL No 4 F'Y=4200 KG/CM2, ESTRIBOS DEL No. 2 A CADA 20 CM, INCLUYE: CIMBRA COMUN, HABILITADO DE ACERO, TRASLAPES, GANCHOS, DOBLECES, CRUCES DE VARILLAS, COLADO, HASTA UNA ALTURA DE 6.00 M, DESCIMBRADO, ACARREOS, DESPERDICIOS, MATERIALES, MANO DE OBRA Y HERRAMIENTA. | C45: ML | D45: 16.28
A46: 31025 | B46: CADENA O CASTILLO DE CONCRETO F'C= 150 KG/CM2, DE SECCION 14X20 CM, ARMADA CON 4 VARILLAS DEL No. 3 Y ESTRIBOS DEL No. 2 A CADA 15 CM, INCLUYE: CIMBRA COMUN, HABILITADO DE ACERO, TRASLAPES, GANCHOS, DOBLECES, CRUCES DE VARILLAS, COLADO, HASTA UNA ALTURA DE 6.00 M, DESCIMBRADO, ACARREOS, DESPERDICIOS, MATERIALES, MANO DE OBRA Y HERRAMIENTA. | C46: ML | D46: 19.52
A47: 31105 | B47: MURO DE TABIQUE ROJO COMUN DE 7X14X28CM, DE 14 CM DE ESPESOR ASENTADO CON MORTERO CEMENTO-ARENA 1:5, MURO A PLOMO, CONFINADO EN CADENAS Y CASTILLOS, HASTA UNA ALTURA DE 6.00 M, INCLUYE: CORTE DE BOCA DE PESCADO, MATERIALES, ELABORACION DE MORTERO, ACARREOS, JUNTAS DE 1.5 CM, ANDAMIOS, Y MANO DE OBRA, ACABADO COMUN. | C47: M2 | D47: 64.43
A48: 31214 | B48: FIRME DE CONCRETO F'C=150 KG/CM2 DE 8 CM DE ESPESOR A VUELTA DE PLANA ELABORADO CON MEDIOS MECANICOS (MAQUINA REVOLVEDORA), INCLUYE: PREPARACION DE LA SUPERFICIE, HUMEDECIDO DEL AREA DE DESPLANTE, NIVELACION, MUESTRAS DE FIRME PARA MARCAR NIVELES, REGLEADO PARA DEJAR NIVELADO EL FIRME, CIMBRA DONDE SE REQUIERA, MANO DE OBRA, HERRAMIENTA Y MATERIALES. | C48: M2 | D48: 94.44
A49: 31220 | B49: PISO DE CONCRETO F'C= 150 KG/CM2 DE 10 CM ESPESOR ACABADO PULIDO O RAYADO CON BROCHA DE PELO; LOSAS 3.00X3.00 M. JUNTAS FRIAS ACABADO CON VOLTEADOR, INCLUYE: PREPARACION DE LA SUPERFICIE, HUMEDECIDO DEL AREA DE DESPLANTE, NIVELACION, MUESTRAS DE PISO PARA MARCAR NIVELES, REGLEADO PARA DEJAR NIVELADO EL PISO, CIMBRA DONDE SE REQUIERA, MANO DE OBRA, HERRAMIENTA Y MATERIALES. | C49: M2 | D49: 13.24
A50: 31229 | B50: SUMINISTRO Y COLOCACION DE ZOCLO DE LOSETA CERAMICA ESMALTADA, COLOR INDICADO POR LA SUPERVISION, DE PRIMERA CALIDAD DE 10 X 31.5, 10X50, 10X60.5 Ó 10X43.2 CM. (PEI V, ETT1 Ó TTM A) ASENTADO CON PEGAPISO ADECUADO AL TIPO DE PISO, INCLUYE: BOQUILLA DE COLOR DE 1/4" CON SELLADOR INTEGRADO, CORTES, DESPERDICIOS, ACARREOS, TRAZO, MATERIALES, MANO DE OBRA, HERRAMIENTA Y LIMPIEZA. | C50: ML | D50: 37.16
A51: 31278 | B51: SUMINISTRO Y COLOCACION DE PISO DE LOSETA CERAMICA ESMALTADA COLOR INDICADO POR LA SUPERVISION, DE PRIMERA CALIDAD EN FORMATO DE 43.2X43.2, 31.5X31.5, 50X50 Ó 60.5X60.5 CM, USO COMERCIAL TRAFICO INTENSO (PEI V, ETT1 O TTM A), ASENTADO CON ADHESIVO ADECUADO AL TIPO DE PISO, INCLUYE: BOQUILLA DE COLOR DE 1/4" CON SELLADOR INTEGRADO, TRAZO, NIVELES, MATERIALES, MANO DE OBRA, HERRAMIENTA, CORTES, DESPERDICIOS, ACARREOS Y LIMPIEZA. | C51: M2 | D51: 94.44
A52: 31281 | B52: SUMINISTRO Y COLOCACION DE JUNTA FLEXIBLE DE 14 CM DE ESPESOR A BASE DE ANGULO ESTRUCTURAL DE 1 1/4" /1/8" SOLERA DE 1X1/8" INCLUYE: FIJACION EN LA COLUMNA CON BALAZO DE CLAVO INDIVIDUAL DE ALTO DESEMPEÑO PARA CONCRETO Y ACERO PARA HERRAMIENTAS ACCIONADAS A PÓLVORA, CELOTEX DE 3/4" DE ESPESOR Y PINTURA ESMALTE MATE | C52: ML | D52: 11.36
A53: 31326 | B53: FORJADO DE NARIZ EN BANQUETAS, SECCION 10X10 CM, INCLUYE: UNICAMENTE CIMBRA DE MADERA DE 3era, TRIPLAY DE PINO DE 16 mm, CHAFLÁN DE 1", GOTERO DE 1", CLAVOS, ALAMBRE RECOCIDO, DESMOLDANTE PARA CIMBRA, CORTES, DESPERDICIOS, MANO DE OBRA, HERRAMIENTA, Y ARMADO CON UNA VARILLA LONGITUDINAL DE 3/8" DE DIAMETRO Y BASTONES PARA ANCLAJE DE VARILLA DE 3/8" DE DIAMETRO A CADA 25 CM DE SEPARACION, DE ACUERDO A PROYECTO. | C53: ML | D53: 14.76
A54: 31327 | B54: FORJADO DE NARIZ A BASE DE CONCRETO F´c= 150 KG/CM2, INCLUYE: CIMBRA DE MADERA DE 3era, TRIPLAY DE PINO DE 16 mm, CHAFLÁN DE 1", GOTERO DE 1", CLAVOS, ALAMBRE RECOCIDO, DESMOLDANTE PARA CIMBRA, CORTES, DESPERDICIOS, MANO DE OBRA, HERRAMIENTA, LIMPIEZA FINAL, ARMADO CON UNA VARILLA LONGITUDINAL DE 3/8" DE DIAMETRO Y BASTONES PARA ANCLAJE DE VARILLA DE 3/8" DE DIAMETRO A CADA 25 CM DE SEPARACION SE DEBERAN ANCLAR DE ACUERDO A LO SEÑALADO EN PROYECTO, PARA REMATE DE PISO LADO POSTERIOR Y LATERAL DE EDIFICIO, SECCION 0.28X0.11 M, DE ACUERDO A PROYECTO. | C54: ML | D54: 29.4
... A61: 35006 | B61: IMPERMEABILIZACIÓN EN LOSA DE AZOTEA CON APLICACIÓN DE UNA CAPA DE SELLADOR ASFÁLTICO A RAZÓN DE 0.20 lt/m2, CALAFATEO DE GRIETAS CON CEMENTO PLÁSTICO Y MANTO PREFABRICADO DE ASFALTOS MODIFICADOS TIPO S.B.S. (ESTIRENO-BUTADIENO-ESTIRENO) DE 3.5 mm DE ESPESOR, CON MEMBRANA DE REFUERZO DE FIBRA DE VIDRIO DE 90 g/m2 ACABADO GRAVILLA COLOR ROJO, TRABAJO TERMINADO QUE CUMPLA CON LAS NORMAS NMX-U-125-SCFI-2016, NOM-018-ENER-2018, NOM-020-ENER-2011, NMX-C-181-ONNCE-2010 Y NMX-C-460-ONNCCE-2009. INCLUYE: APLICACION DE IMPERMEABILIZANTE ACRILICO COLOR TERRACOTA EN JUNTAS Y EN EL PERIMETRO DE LA LOSA COMO ACABADO Y PROTECCION DEL IMPERMEABILIZANTE, MATERIALES, MANO DE OBRA, PREPARACIÓN DE LA SUPERFICIE, CEMENTO PLÁSTICO EN REMATES Y TODO LO NECESARIO PARA SU CORRECTA EJECUCIÓN. | C61: M2 | D61: 137.28
E62: SUBTOTAL
A63: Subpartida | B63: 04 CANCELERIA
A64: 41195 | B64: SUMINISTRO, COLOCACION Y FIJACION DE CANCELERIA DE ALUMINIO ANODIZADO NATURAL LINEA 2", CRISTAL FLOTADO FILTRASOL 6 MM COLOR HUMO, INCLUYE: SEGUROS, REPIZON DE ALUMINIO DE L= 15CM; SELLADO CON SILICON, HERRAJES, ACARREOS, TORNILLOS, TAQUETES, MATERIAL, MANO DE OBRA, HERRAMIENTA Y TODO LO NECESARIO PARA SU CORRECTO FUNCIONAMIENTO, SEGUN PLANO | C64: M2 | D64: 20.68
A65: 41312 | B65: SUMINISTRO, COLOCACION Y FIJACION DE PUERTA TIPO CAPFCE DE 1.00X2.50 MTS., INCLUYE: CHAPA TIPO CAPFCE DE RESBALON, MARCO DE ALUMINIO, BISAGRAS, HERRAJES, MATERIALES, MANO DE OBRA, HERRAMIENTA Y TODO LO NECESARIO PARA SU CORRECTO FUNCIONAMIENTO. | C65: PZA | D65: 2
A66: 41326 | B66: SUMINISTRO Y COLOCACION DE PROTECCIONES PARA CANCELERIA A BASE DE SOLERA Y CUADRADO ESTRUCTURAL SEGUN PLANO, INCLUYE: FLETES, MANIOBRAS, SOLDADURA PARA SU COLOCACION, PINTURA ESMALTE, MANO DE OBRA, MATERIALES Y HERRAMIENTA. | C66: M2 | D66: 22.58
E67: SUBTOTAL
A68: Subpartida | B68: 05 INSTALACIONES
A69: 51001 | B69: SALIDA DE ALUMBRADO O CONTACTO EN CAJA DE LAMINA GALVANIZADA Y TUBO CONDUIT PARED DELGADA EN DIAMETROS DE 13 Y 25 MM, CABLES TIPO THW LS 90º CAL. # 10 AL 14, INCLUYE: CONTRA Y MONITOR, CINTA DE AISLAR PLASTICA, 3% DE MATERIALES DE DESPERDICIOS, 3% DE PUNTAS, APAGADOR Y/O CONTACTO, TAPA DE 1,2,3 VENTANAS SEGÚN SEA EL CASO, RANURADO DE MUROS, CORTES, DESPERDICIOS, MATERIALES, MANO DE OBRA Y HERRAMIENTA; SEGUN PLANO DE INSTALACION ELECTRICA. | C69: SALIDA | D69: 10
A70: 51051 | B70: SALIDA CONTACTO MONOFASICO POLARIZADO DUPLEX 15 AMP. AH CON CAJA DE LAMINA TAPA DE PLASTICO COLOR BLANCO Y TUBO CONDUIT P.D. DE DIAMETRO DE 13 Y 25 MM., INCLUYE: MATERIAL, CABLE THW CAL. 12, CABLE DESNUDO CAL 10, TUBERIA, CODOS COPLES, CINTA DE AISLAR, DESPERDICIOS, CORTES, RANURADO DE MURO, MANO DE OBRA, HERRAMIENTA Y TODO LO NECESARIO PARA EL BUEN FUNCIONAMIENTO, SEGUN PLANO DE INSTALACION ELECTRICA. | C70: SALIDA | D70: 4
A71: 51008 | B71: SUMINISTRO, ARMADO, COLOCACION Y CONEXION DE GABINETE DE SOBREPONER, CON BISEL ABATIBLE, EQUIPADA CON 2 LAMPARAS LED DE 18 WATTS EN TUBO T-8 FLUJO LUMINOSO 1500-1800 LUMENS, TEMPERATURA DE COLOR 6500º K, 30,000-50,000 HORAS DE VIDA, TRANSPARENTE ACABADO OPALINO, MULTIVOLTAJE 110-277 V, FRECUENCIA 50/60 HERTZ, ANGULO DE APERTURA DE 240°, 90 LM/W, ALTO BRILLO SMD LED, ALTA EFICIENCIA Y BAJO CONSUMO DE ENERGIA, CONEXION DE UN LADO, DIFUSOR 100% ACRILICO (10 AÑOS DE GARANTIA), DE 122X23 CM Y 12 CM DE ESPESOR , LAMINA ESMALTADA CALIBRE 22 TERMINADO CON PINTURA ELECTROSTATICA COLOR BLANCO DE ALTA REFLECTANCIA, INCLUYE: BASE PARA LAMPARA CON SEGURO, MATERIAL DE FIJACION CON 5 ANCLAS, FULMINANTE No. 22, 2.00 M DE CABLE THW CAL. 12, MATERIALES, MANO DE OBRA, HERRAMIENTA, PRUEBAS, CERTIFICADO NOM Y GARANTIA MINIMA DE 3 AÑOS POR ESCRITO. | C71: PZA | D71: 10
A72: 51355 | B72: SUMINISTRO, COLOCACION Y CONEXIÓN DE TABLERO DE CONTROL PARA 8 CIRCUITOS MONOFASICOS, INCLUYE: MATERIALES, MANO DE OBRA Y HERRAMIENTA. | C72: PZA | D72: 1
A73: 51378 | B73: SUMINISTRO Y COLOCACION DE INTERRUPTOR TERMOMAGNETICO DE 1 POLO 15 A 50 AMP., INCLUYE: CONEXIÓN, PRUEBA, MATERIAL, MANO DE OBRA Y HERRAMIENTA. | C73: PZA | D73: 6
A74: 94034 | B74: SALIDA CONTACTO MONOFASICO POLARIZADO DUPLEX 15 AMP. CON CAJA DE LAMINA Y TUBO CONDUIT P.D. DE 13 Y 25 MM. DE DIAMETRO, PLACA DE PLASTICO COLOR MARFIL, INCLUYE: MATERIAL, CABLE THW CAL. 12, CABLE DESNUDO CAL 10, TUBERIA, CODOS COPLES, CINTA DE AISLAR, DESPERDICIOS, CORTES, RANURADO DE MURO, MANO DE OBRA, HERRAMIENTA Y TODO LO NECESARIO PARA EL BUEN FUNCIONAMIENTO, SEGUN PLANO DE INSTALACION ELECTRICA. | C74: SALIDA | D74: 1
A75: 96020 | B75: SALIDAS DE DATOS EN MUROS, LOSA Y PISO A CAJA REGISTRO DE 10X10X3.8 CM. (32X38 MM DE DIAM.) INCLUYE: ALAMBRE GUIA, SOBRE TAPA, CHALUPA, PLACA RJ45 (O EQUIVALENTE EN CUANTO A ESPECIFICACIONES TECNICAS, CALIDAD, DURACION Y GARANTIA DE SERVICIO QUE EL DE LA MARCA DE REFERENCIA) O SEGUN SE REQUIERA, TUBERIA CONDUIT METALICA LIGERA POR LOSA, MURO O PISO DE 19, 25, 32, 38 Y50 MM DE DIAM., ALAMBRE GUIA GALVANIZADO, PIEZAS ESPECIALES, MATERIALES, MANO DE OBRA, HERRAMIENTA, RANURADO EN MURO Y TODO LO NECESARIO PARA SU CORRECTA EJECUCION. | C75: SALIDA | D75: 2
E76: SUBTOTAL
E77: SUBTOTAL PARTIDA 1
A78: PARTIDA 2 | B78: EDIFICIO "A"
A79: Subpartida | B79: 00 PRELIMINARES
A80: 11011 | B80: DEMOLICION DE GUARNICION DE CONCRETO SIMPLE Y/O ARMADA; INCLUYE ACARREO DEL MATERIAL NO UTILIZABLE FUERA DE LA OBRA | C80: ML | D80: 10.8
A81: 11005 | B81: RETIRO DE IMPERMEABILIZACION EN LOSA DE EDIFICIO; INCLUYE: LIMPIEZA DE LA SUPERFICIE DESPUES DEL RETIRO, ACARREO DEL MATERIAL PRODUCTO DEL RETIRO DENTRO Y FUERA DE LA OBRA A LUGAR DONDE SE INDIQUE POR PARTE DE LA SUPERVISION. | C81: M2 | D81: 277.34
E82: SUBTOTAL
A83: Subpartida | B83: 03 ALBAÑILERIA Y ACABADOS
A84: 129070 | B84: REPARACION DE GRIETA A BASE DE LIMPIEZA, RETIRO DE MATERIAL SUELTO, APLICACION DE RESANADOR ACRILICO RELLENANDO LA GRIETA Y APLICANDOLO FUERA DE GRIETA HASTA 5 CM COMO REFUERZO A CADA LADO, INCLUYE: SUMINISTRO DE MATERIALES, ANDAMIOS, ACARREOS, RETIRO DE MATERIAL SOBRANTE, MANO DE OBRA, HERRAMIENTA Y TODO LO NECESARIO PARA SU BUEN FUNCIONAMIENTO. | C84: ML | D84: 10.8
A85: 190060 | B85: ENTORTADO CON MORTERO ESPECIAL CEMENTO-CAL-PERLITA PROPORCION 1:2 :10, PARA DAR PENDIENTE, INCLUYE: ADHESIVO PARA PEGAR CONCRETO NUEVO CON VIEJO, ANDAMIO, MATERIAL, MANO DE OBRA Y HERRAMIENTA, HASTA UNA ALTURA DE 12.00 M. | C85: M3 | D85: 27.73
A86: 190061 | B86: ENTORTADO DE 2 CM DE ESPESOR A BASE DE MORTERO CEMENTO-ARENA PROPORCION 1:5 A VUELTA DE PLANA, PARA CERRAR RELLENO DE PERLITA INCLUYE: IMPERMEABILIZANTE INTEGRAL, ACARREOS, DESPERDICIOS, ELABORACION DE MORTERO, MATERIAL, MANO DE OBRA Y HERRAMIENTA, HASTA 12.00 M DE ALTURA. | C86: M2 | D86: 277.34
A87: 35008 | B87: REFUERZO DE ENTORTADO A BASE DE CLAVOS PARA CONCRETO Y ALAMBRE RECOCIDO, INCLUYE: SUMINISTRO DE MATERIALES, PREPARACION DE SUPERFICIE, AMARRE DEL ALAMBRE RECOCIDO EN CLAVOS, ELEVACION Y ACARREO DE MATERIALES, MANO DE OBRA, HERRAMIENTA Y TODO LO NECESARIO PARA SU CORRECTA EJECUCION. | C87: M2 | D87: 14.59
A88: 35006 | B88: IMPERMEABILIZACIÓN EN LOSA DE AZOTEA CON APLICACIÓN DE UNA CAPA DE SELLADOR ASFÁLTICO A RAZÓN DE 0.20 lt/m2, CALAFATEO DE GRIETAS CON CEMENTO PLÁSTICO Y MANTO PREFABRICADO DE ASFALTOS MODIFICADOS TIPO S.B.S. (ESTIRENO-BUTADIENO-ESTIRENO) DE 3.5 mm DE ESPESOR, CON MEMBRANA DE REFUERZO DE FIBRA DE VIDRIO DE 90 g/m2 ACABADO GRAVILLA COLOR ROJO, TRABAJO TERMINADO QUE CUMPLA CON LAS NORMAS NMX-U-125-SCFI-2016, NOM-018-ENER-2018, NOM-020-ENER-2011, NMX-C-181-ONNCE-2010 Y NMX-C-460-ONNCCE-2009. INCLUYE: APLICACION DE IMPERMEABILIZANTE ACRILICO COLOR TERRACOTA EN JUNTAS Y EN EL PERIMETRO DE LA LOSA COMO ACABADO Y PROTECCION DEL IMPERMEABILIZANTE, MATERIALES, MANO DE OBRA, PREPARACIÓN DE LA SUPERFICIE, CEMENTO PLÁSTICO EN REMATES Y TODO LO NECESARIO PARA SU CORRECTA EJECUCIÓN. | C88: M2 | D88: 277.34
E89: SUBTOTAL
E90: SUBTOTAL PARTIDA 2
A91: PARTIDA 3 | B91: EDIFICIO "C"
A92: Subpartida | B92: 00 PRELIMINARES
A93: 11005 | B93: RETIRO DE IMPERMEABILIZACION EN LOSA DE EDIFICIO; INCLUYE: LIMPIEZA DE LA SUPERFICIE DESPUES DEL RETIRO, ACARREO DEL MATERIAL PRODUCTO DEL RETIRO DENTRO Y FUERA DE LA OBRA A LUGAR DONDE SE INDIQUE POR PARTE DE LA SUPERVISION. | C93: M2 | D93: 277.34
E94: SUBTOTAL
A95: Subpartida | B95: 03 ALBAÑILERIA Y ACABADOS
A96: 190060 | B96: ENTORTADO CON MORTERO ESPECIAL CEMENTO-CAL-PERLITA PROPORCION 1:2 :10, PARA DAR PENDIENTE, INCLUYE: ADHESIVO PARA PEGAR CONCRETO NUEVO CON VIEJO, ANDAMIO, MATERIAL, MANO DE OBRA Y HERRAMIENTA, HASTA UNA ALTURA DE 12.00 M. | C96: M3 | D96: 27.73
A97: 190061 | B97: ENTORTADO DE 2 CM DE ESPESOR A BASE DE MORTERO CEMENTO-ARENA PROPORCION 1:5 A VUELTA DE PLANA, PARA CERRAR RELLENO DE PERLITA INCLUYE: IMPERMEABILIZANTE INTEGRAL, ACARREOS, DESPERDICIOS, ELABORACION DE MORTERO, MATERIAL, MANO DE OBRA Y HERRAMIENTA, HASTA 12.00 M DE ALTURA. | C97: M2 | D97: 277.34
A98: 35008 | B98: REFUERZO DE ENTORTADO A BASE DE CLAVOS PARA CONCRETO Y ALAMBRE RECOCIDO, INCLUYE: SUMINISTRO DE MATERIALES, PREPARACION DE SUPERFICIE, AMARRE DEL ALAMBRE RECOCIDO EN CLAVOS, ELEVACION Y ACARREO DE MATERIALES, MANO DE OBRA, HERRAMIENTA Y TODO LO NECESARIO PARA SU CORRECTA EJECUCION. | C98: M2 | D98: 14.59
A99: 35006 | B99: IMPERMEABILIZACIÓN EN LOSA DE AZOTEA CON APLICACIÓN DE UNA CAPA DE SELLADOR ASFÁLTICO A RAZÓN DE 0.20 lt/m2, CALAFATEO DE GRIETAS CON CEMENTO PLÁSTICO Y MANTO PREFABRICADO DE ASFALTOS MODIFICADOS TIPO S.B.S. (ESTIRENO-BUTADIENO-ESTIRENO) DE 3.5 mm DE ESPESOR, CON MEMBRANA DE REFUERZO DE FIBRA DE VIDRIO DE 90 g/m2 ACABADO GRAVILLA COLOR ROJO, TRABAJO TERMINADO QUE CUMPLA CON LAS NORMAS NMX-U-125-SCFI-2016, NOM-018-ENER-2018, NOM-020-ENER-2011, NMX-C-181-ONNCE-2010 Y NMX-C-460-ONNCCE-2009. INCLUYE: APLICACION DE IMPERMEABILIZANTE ACRILICO COLOR TERRACOTA EN JUNTAS Y EN EL PERIMETRO DE LA LOSA COMO ACABADO Y PROTECCION DEL IMPERMEABILIZANTE, MATERIALES, MANO DE OBRA, PREPARACIÓN DE LA SUPERFICIE, CEMENTO PLÁSTICO EN REMATES Y TODO LO NECESARIO PARA SU CORRECTA EJECUCIÓN. | C99: M2 | D99: 277.34
E100: SUBTOTAL
E101: SUBTOTAL PARTIDA 3
A102: PARTIDA 4 | B102: EDIFICIO "D"
A103: Subpartida | B103: 00 PRELIMINARES
A104: 11005 | B104: RETIRO DE IMPERMEABILIZACION EN LOSA DE EDIFICIO; INCLUYE: LIMPIEZA DE LA SUPERFICIE DESPUES DEL RETIRO, ACARREO DEL MATERIAL PRODUCTO DEL RETIRO DENTRO Y FUERA DE LA OBRA A LUGAR DONDE SE INDIQUE POR PARTE DE LA SUPERVISION. | C104: M2 | D104: 277.34
E105: SUBTOTAL
A106: Subpartida | B106: 03 ALBAÑILERIA Y ACABADOS
A107: 190060 | B107: ENTORTADO CON MORTERO ESPECIAL CEMENTO-CAL-PERLITA PROPORCION 1:2 :10, PARA DAR PENDIENTE, INCLUYE: ADHESIVO PARA PEGAR CONCRETO NUEVO CON VIEJO, ANDAMIO, MATERIAL, MANO DE OBRA Y HERRAMIENTA, HASTA UNA ALTURA DE 12.00 M. | C107: M3 | D107: 27.73
A108: 190061 | B108: ENTORTADO DE 2 CM DE ESPESOR A BASE DE MORTERO CEMENTO-ARENA PROPORCION 1:5 A VUELTA DE PLANA, PARA CERRAR RELLENO DE PERLITA INCLUYE: IMPERMEABILIZANTE INTEGRAL, ACARREOS, DESPERDICIOS, ELABORACION DE MORTERO, MATERIAL, MANO DE OBRA Y HERRAMIENTA, HASTA 12.00 M DE ALTURA. | C108: M2 | D108: 277.34
A109: 35008 | B109: REFUERZO DE ENTORTADO A BASE DE CLAVOS PARA CONCRETO Y ALAMBRE RECOCIDO, INCLUYE: SUMINISTRO DE MATERIALES, PREPARACION DE SUPERFICIE, AMARRE DEL ALAMBRE RECOCIDO EN CLAVOS, ELEVACION Y ACARREO DE MATERIALES, MANO DE OBRA, HERRAMIENTA Y TODO LO NECESARIO PARA SU CORRECTA EJECUCION. | C109: M2 | D109: 14.59
A110: 35006 | B110: IMPERMEABILIZACIÓN EN LOSA DE AZOTEA CON APLICACIÓN DE UNA CAPA DE SELLADOR ASFÁLTICO A RAZÓN DE 0.20 lt/m2, CALAFATEO DE GRIETAS CON CEMENTO PLÁSTICO Y MANTO PREFABRICADO DE ASFALTOS MODIFICADOS TIPO S.B.S. (ESTIRENO-BUTADIENO-ESTIRENO) DE 3.5 mm DE ESPESOR, CON MEMBRANA DE REFUERZO DE FIBRA DE VIDRIO DE 90 g/m2 ACABADO GRAVILLA COLOR ROJO, TRABAJO TERMINADO QUE CUMPLA CON LAS NORMAS NMX-U-125-SCFI-2016, NOM-018-ENER-2018, NOM-020-ENER-2011, NMX-C-181-ONNCE-2010 Y NMX-C-460-ONNCCE-2009. INCLUYE: APLICACION DE IMPERMEABILIZANTE ACRILICO COLOR TERRACOTA EN JUNTAS Y EN EL PERIMETRO DE LA LOSA COMO ACABADO Y PROTECCION DEL IMPERMEABILIZANTE, MATERIALES, MANO DE OBRA, PREPARACIÓN DE LA SUPERFICIE, CEMENTO PLÁSTICO EN REMATES Y TODO LO NECESARIO PARA SU CORRECTA EJECUCIÓN. | C110: M2 | D110: 277.34
E111: SUBTOTAL
E112: SUBTOTAL PARTIDA 4
A113: PARTIDA 5 | B113: EDIFICIO "F"
...
